 Dungeon Crawl Stone Soup version 0.31-a0-233-g139696dc86 (webtiles) character file.

Game seed: 10547861383939136535

17 qw the Shooter (level 2, -1/16 HPs)
             Began as a Gargoyle Hexslinger on July 9, 2023.
             Slain by a hobgoblin (2 damage)
             ... on level 2 of the Dungeon.
             The game lasted 00:00:18 (1172 turns).

qw the Shooter (Gargoyle Hexslinger)                Turns: 1172, Time: 00:00:18

Health: -1/16      AC:  4    Str: 11    XL:     2   Next: 62%
Magic:  3/3        EV: 12    Int: 13    God:
Gold:   30         SH:  0    Dex: 12    Spells: 2/3 levels left

rFire   . . .        Y - +1 sling
rCold   + . .        (no shield)
rNeg    + . .        c - +0 robe
rPois   inf          (no helmet)
rElec   +            (no cloak)
rCorr   +            (no gloves)
SInv    .            (no boots)
Will    +++..        (no amulet)
Stlth   +            a - ring "Koc Puth" {Contam rC+ Will+++ rCorr Slay-5}
HPRegen 0.22/turn    (no ring)
MPRegen 0.08/turn

%: no passive effects
@: no status effects
A: sickness immunity, AC +2, negative energy resistance 1, electricity
resistance, torment resistance 1, petrification resistance
a: no special abilities


You were on level 2 of the Dungeon.
You visited 1 branch of the dungeon, and saw 2 of its levels.

You collected 30 gold pieces.


Innate Abilities, Weirdness & Mutations

You are immune to sickness and miasma.
Your stone body is resilient. (AC +2)
You are immune to poison.
You resist negative energy. (rN+)
You are resistant to electric shocks. (rElec)
You are resistant to unholy torment.
You are immune to petrification.


   Skills:
 + Level 1.4 Fighting
 - Level 3.0 Ranged Weapons
 - Level 1.5 Dodging
 - Level 1.0 Spellcasting
 - Level 2.6 Hexes


You had 2 spell levels left.
You knew the following spells:

 Your Spells              Type           Power      Damage    Failure   Level
a - Slow                  Hex            28%        N/A       10%         1

Your spell library contained the following spells:

 Spells                   Type           Power      Damage    Failure   Level
 Inner Flame              Hex/Fire       4%         N/A       43%         3
 Portal Projectile        Hex/Tloc       8%         N/A       43%         3
 Cause Fear               Hex            3%         N/A       67%         4

Inventory:

Hand Weapons
 Y - a +1 sling (weapon)
Armour
 c - a +0 robe (worn)
 e - a +0 pair of boots
 f - a +0 ring mail of fire resistance
Jewellery
 a - the ring "Koc Puth" (left hand) {Contam rC+ Will+++ rCorr Slay-5}
   (You acquired it on level 1 of the Dungeon)

   [ring of resist corrosion]

   Slay:      It affects your accuracy & damage with ranged weapons and melee
   (-5).
   rC:        It protects you from cold.
   Contam:    It causes magical contamination when unequipped.
   rCorr:     It protects you from acid and corrosion.
   Will:      It greatly increases your willpower.
Potions
 b - a potion of mutation {unknown}
 d - a potion of enlightenment
 g - a potion of invisibility {unknown}

Dungeon Overview and Level Annotations

Branches:
Dungeon (2/15)

Altars:


Message History

You shoot a sling bullet.
The sling bullet barely misses the adder.
You shoot a sling bullet. The sling bullet misses the adder.
The adder closely misses you. The adder bites you.
You shoot a sling bullet. The sling bullet misses the adder.
The hobgoblin barely misses you. The adder bites you but does no damage.
You shoot a sling bullet. The sling bullet misses the adder.
The adder bites you but does no damage. The hobgoblin closely misses you.
The adder bites you. The hobgoblin hits you.
You shoot a sling bullet.
The sling bullet closely misses the adder.
The adder completely misses you. The hobgoblin misses you.
The adder barely misses you.
You shoot a sling bullet.
The sling bullet closely misses the adder.
The hobgoblin closely misses you. The adder bites you.
You shoot a sling bullet.
The sling bullet barely misses the adder.
The adder bites you but does no damage.
The hobgoblin hits you but does no damage.
The adder barely misses you.
You shoot a sling bullet. The sling bullet misses the adder.
The hobgoblin hits you but does no damage.
The adder barely misses you.
The hobgoblin hits you but does no damage.
You shoot a sling bullet. The sling bullet misses the adder.
The adder closely misses you. The hobgoblin closely misses you.
The adder barely misses you.
You shoot a sling bullet.
The sling bullet barely misses the adder.
The adder barely misses you. The hobgoblin hits you.
You shoot a sling bullet. The sling bullet misses the adder.
The adder misses you.
The hobgoblin hits you but does no damage.
The adder completely misses you.
You shoot a sling bullet. The sling bullet hits the adder.
The adder is lightly wounded.
The adder bites you. The hobgoblin barely misses you. The adder bites you.
The hobgoblin hits you.
You die...

#### ..# ##########.#
##### ....[...##.######
#....
........##......####..<.
......g@..).............
......S.................
.....)..####............
..[.....# #............
........# #.........###
........# #.........#
........# #.........#
...##+### ###########


You could see an adder and a hobgoblin.

Vanquished Creatures
  2 dart slugs
  A bat (D:1)
  2 endoplasms (D:1)
  A giant cockroach (D:1)
  2 goblins (D:2)
  A kobold (D:2)
  4 rats (D:1)
13 creatures vanquished.

Notes
Turn   | Place    | Note
-------+----------+-------------------------------------------
     0 | D:1      | qw the Gargoyle Hexslinger began the quest for the Orb.
     0 | D:1      | Reached XP level 1. HP: 12/12 MP: 2/2
     0 | D:1      | 0 ||| qw: Version: 0.3-a-51-g015441d
     0 | D:1      | 0 ||| qw: Game counter: 3922
     0 | D:1      | 0 ||| qw: Melee chars always use a shield: true
     0 | D:1      | 0 ||| qw: God list: Okawaru
     0 | D:1      | 0 ||| qw: Allow faded altars: false
     0 | D:1      | 0 ||| qw: Do Orc after clearing Dungeon:15 true
     0 | D:1      | 0 ||| qw: Do second Lair branch before Depths: true
     0 | D:1      | 0 ||| qw: Lair rune preference: random
     0 | D:1      | 0 ||| qw: Goals: Normal
     0 | D:1      | 0 ||| PLANNING D:1-11
     2 | D:1      | Noticed a human
     2 | D:1      | Noticed a meteoran
     4 | D:1      | Noticed a draconian
     6 | D:1      | Noticed a vampire
     6 | D:1      | Noticed a vine stalker
     8 | D:1      | Noticed a formicid
     8 | D:1      | Noticed a demonspawn
    10 | D:1      | Noticed a spriggan
    12 | D:1      | Noticed an ogre
    12 | D:1      | Noticed an octopode
    14 | D:1      | Noticed a troll
    14 | D:1      | Noticed an elf
    16 | D:1      | Noticed a gargoyle
    16 | D:1      | Noticed a merfolk
    18 | D:1      | Noticed a demigod
    18 | D:1      | Noticed a felid
    20 | D:1      | Noticed an armataur
    22 | D:1      | Noticed a minotaur
    22 | D:1      | Noticed a ghoul
    24 | D:1      | Noticed a vampire
    24 | D:1      | Noticed a naga
    26 | D:1      | Noticed a draconian
    26 | D:1      | Noticed a demigod
   533 | D:1      | Reached XP level 2. HP: 16/16 MP: 3/3
   985 | D:1      | 985 ||| READING scroll labelled GUIC RUPTEDGHO.
   986 | D:1      | 986 ||| READING scroll labelled ZERUBBUKHLAQE.
   986 | D:1      | Identified a scroll of acquirement
   986 | D:1      | 986 ||| ACQUIRING ring "Koc Puth" {Contam rC+ Will+++ rCorr
                  | Slay-5}
   986 | D:1      | Acquired the ring "Koc Puth" {Contam rC+ Will+++ rCorr
                  | Slay-5}
   988 | D:1      | 988 ||| UPGRADING to ring "Koc Puth" {Contam rC+ Will+++
                  | rCorr Slay-5}.
   989 | D:1      | 989 ||| DRINKING 2 yellow potions.
   990 | D:1      | 990 ||| DROPPING scroll of poison.
  1070 | D:2      | Reached skill level 3 in Ranged Weapons
  1134 | D:2      | 1134 ||| FLEEEEING.
  1172 | D:2      | HP: 4/16 [adder (4)]
  1172 | D:2      | HP: 1/16 [adder (3)]
  1172 | D:2      | Slain by a hobgoblin

Levels and vault maps discovered:
D:1:      kb_arrival_jail, layout_basic
D:2:      layout_basic, basic_altar

Skill      XL: |  1  2 |
---------------+-------+-----
Ranged Weapons | 3 |  3.0
Fighting       | |  1.4
Dodging        | |  1.5
Spellcasting   | |  1.0
Hexes          | |  2.6

Action                     || total
---------------------------++-------
   Fire: Sling             ||    65
    Use: Scroll            ||     2
         Potion            ||     1
 Armour: Robe              ||    14
  Dodge: Dodged            ||    30

Table legend:
 A = Non-vault XP
 B = Vault XP
 C = Vault XP percentage of total XP
 D = Non-vault monster count
 E = Vault monster count
 F = Vault count percentage of total count
                 A         B        C        D         E       F
            +---------+---------+-------+---------+---------+-------
      Total |      25 |       0 |   0.0 |      13 |       0 |   0.0
            +---------+---------+-------+---------+---------+-------
        D:1 |      16 |       0 |   0.0 |       9 |       0 |   0.0
        D:2 |       9 |       0 |   0.0 |       4 |       0 |   0.0
            +---------+---------+-------+---------+---------+-------
